 Dungeon Crawl Stone Soup version 0.28-a0-724-g66f9036 (webtiles) character file.

Game seed: 11566177042928930092

58 NeededCrab the Charlatan (level 4, -3/34 HPs)
             Began as a Gnoll Artificer on Oct 26, 2021.
             Slain by a gnoll (7 damage)
             ... on level 2 of the Dungeon.
             The game lasted 00:04:24 (2051 turns).

NeededCrab the Charlatan (Gnoll Artificer)          Turns: 2051, Time: 00:04:25

Health: -3/34      AC:  3    Str: 11    XL:     4   Next: 1%
Magic:  5/5        EV: 12    Int: 10    God:
Gold:   56         SH:  0    Dex: 14    Spells: 5/5 levels left

rFire   . . .      SeeInvis .   f - +0 whip
rCold   . . .      Faith    .   (no shield)
rNeg    . . .      Spirit   .   b - +0 leather armour
rPois   .          Reflect  .   (no helmet)
rElec   .          Harm     .   (no cloak)
rCorr   .          Rampage  .   (no gloves)
Will    .....                   (no boots)
Stlth   ++........              k - amulet of regeneration
HPRegen 1.11/turn               (no ring)
MPRegen 0.09/turn               (no ring)

@: no status effects
A: fangs 1, strong nose, distributed training
a: no special abilities


You were on level 2 of the Dungeon.
You visited 1 branch of the dungeon, and saw 2 of its levels.

You collected 56 gold pieces.

Inventory:

Hand Weapons
 f - a +0 whip (weapon)
Armour
 b - a +0 leather armour (worn)
Jewellery
 k - an amulet of regeneration (around neck)
Wands
 c - a wand of flame (15)
 d - a wand of charming (15)
Scrolls
 a - 2 scrolls of identify {unknown}
 h - a scroll of summoning {unknown}
 j - a scroll of vulnerability {unknown}
 l - a scroll of enchant weapon {unknown}
Potions
 g - a potion of lignification {unknown}
 i - 2 potions of might {unknown}
Miscellaneous
 e - a piece from Xom's chessboard (10/15) (quivered)


   Skills:
 + Level 2.7 Fighting
 + Level 1.0 Short Blades
 + Level 1.0 Long Blades
 + Level 1.0 Axes
 + Level 1.0 Maces & Flails
 + Level 1.0 Polearms
 + Level 1.0 Staves
 + Level 1.0 Slings
 + Level 1.0 Bows
 + Level 1.0 Crossbows
 + Level 1.0 Throwing
 + Level 4.6 Armour
 + Level 2.7 Dodging
 + Level 2.5 Stealth
 + Level 1.0 Shields
 + Level 1.0 Unarmed Combat
 + Level 1.0 Spellcasting
 + Level 0.7 Conjurations
 + Level 0.7 Hexes
 + Level 0.7 Summonings
 + Level 0.7 Necromancy
 + Level 0.7 Translocations
 + Level 0.7 Transmutations
 + Level 0.7 Fire Magic
 + Level 0.7 Ice Magic
 + Level 0.7 Air Magic
 + Level 0.7 Earth Magic
 + Level 0.7 Poison Magic
 + Level 1.1 Invocations
 + Level 6.5 Evocations


You had 5 spell levels left.
You didn't know any spells.
Your spell library was empty.

Dungeon Overview and Level Annotations

Branches:
Dungeon (2/15)

Altars:


Innate Abilities, Weirdness & Mutations

You have very sharp teeth.
Your uncanny sense of smell can sniff out nearby items.
Your experience applies equally to all skills.


Message History

The gnoll is moderately wounded.
The gnoll hits you with a +0 spear. The gnoll hits you with a +0 mace!
* * * LOW HITPOINT WARNING * * *
You are too injured to fight recklessly!
The gnoll hits you from afar with a +0 spear.
* * * LOW HITPOINT WARNING * * *
The gnoll hits you with a +0 mace.
* * * LOW HITPOINT WARNING * * *
You hit the gnoll.
The gnoll is moderately wounded.
The gnoll barely misses you.
You barely miss the gnoll.
The gnoll is moderately wounded.
The gnoll hits you with a +0 mace!
The gnoll hits you from afar with a +0 spear.
You hit the gnoll but do no damage.
The gnoll is moderately wounded.
The gnoll misses you.
The gnoll hits you from afar with a +0 spear.
You barely miss the gnoll.
The gnoll is moderately wounded.
The gnoll hits you from afar with a +0 spear.
The gnoll closely misses you. x2
You barely miss the gnoll.
The gnoll is moderately wounded.
The gnoll barely misses you. x2
You hit the gnoll.
The gnoll is moderately wounded.
The gnoll barely misses you. The gnoll misses you.
You hit the gnoll but do no damage.
The gnoll is moderately wounded.
The gnoll hits you with a +0 mace!
The gnoll hits you from afar with a +0 spear.
* * * LOW HITPOINT WARNING * * *
The gnoll hits you with a +0 mace!
* * * LOW HITPOINT WARNING * * *
You closely miss the gnoll.
The gnoll is moderately wounded.
The gnoll hits you from afar with a +0 spear!
You die...

#.............
##.##.######## #..#.#
##.#.# #####.#.#
#.......## #.......g#
#....>...#################
#.....#..#.gg@...........#
#.....#....######.########
#..........# #.#
#..........# #.#
#..........# #.#
#..........# #.#
#..........## #.# ###
####.....#..# #.# #.#
#.....#..## #.# #.#


You could see 2 gnolls.

Vanquished Creatures
  2 gnolls
  An adder (D:2)
  A dart slug (D:1)
  3 ball pythons (D:1)
  A bat (D:1)
  4 endoplasms (D:1)
  5 hobgoblins
  A kobold (D:1)
  2 quokkas
  3 goblins
  3 rats (D:1)
26 creatures vanquished.

Notes
Turn   | Place    | Note
-------+----------+-------------------------------------------
     0 | D:1      | NeededCrab the Gnoll Artificer began the quest for the Orb.
     0 | D:1      | Reached XP level 1. HP: 17/17 MP: 1/1
   205 | D:1      | Reached XP level 2. HP: 23/23 MP: 2/2
  1406 | D:2      | Reached XP level 3. HP: 26/28 MP: 3/3
  1773 | D:1      | Reached skill level 1 in Invocations
  1911 | D:2      | Reached skill level 1 in Short Blades
  1911 | D:2      | Reached skill level 1 in Long Blades
  1911 | D:2      | Reached skill level 1 in Axes
  1911 | D:2      | Reached skill level 1 in Maces & Flails
  1911 | D:2      | Reached skill level 1 in Polearms
  1911 | D:2      | Reached skill level 1 in Staves
  1911 | D:2      | Reached skill level 1 in Slings
  1911 | D:2      | Reached skill level 1 in Bows
  1911 | D:2      | Reached skill level 1 in Crossbows
  1911 | D:2      | Reached skill level 1 in Throwing
  1911 | D:2      | Reached skill level 1 in Shields
  1911 | D:2      | Reached skill level 1 in Unarmed Combat
  1911 | D:2      | Reached skill level 1 in Spellcasting
  1976 | D:2      | Reached XP level 4. HP: 34/34 MP: 5/5
  2051 | D:2      | Slain by a gnoll

Illustrated notes

Levels and vault maps discovered:
D:1:      onia_arrival_mini_maze_b, layout_basic, serial_rivers,
          chequers_serial_rivers_large_b, chequers_serial_rivers_micro_a,
          chequers_serial_rivers_small_b, chequers_serial_rivers_micro_d,
          chequers_serial_rivers_marsh, chequers_serial_rivers_room_b
D:2:      layout_basic

Skill      XL: |  1  2  3 |
---------------+----------+-----
Invocations    | 1 |  1.1
Short Blades   | 1 |  1.0
Long Blades    | 1 |  1.0
Axes           | 1 |  1.0
Maces & Flails | 1 |  1.0
Polearms       | 1 |  1.0
Staves         | 1 |  1.0
Slings         | 1 |  1.0
Bows           | 1 |  1.0
Crossbows      | 1 |  1.0
Throwing       | 1 |  1.0
Shields        | 1 |  1.0
Unarmed Combat | 1 |  1.0
Spellcasting   | 1 |  1.0
Fighting       | |  2.7
Armour         | |  4.6
Dodging        | |  2.7
Stealth        | |  2.5
Conjurations   | |  0.7
Hexes          | |  0.7
Summonings     | |  0.7
Necromancy     | |  0.7
Translocations | |  0.7
Transmutations | |  0.7
Fire Magic     | |  0.7
Ice Magic      | |  0.7
Air Magic      | |  0.7
Earth Magic    | |  0.7
Poison Magic   | |  0.7
Evocations     | |  6.5

Action                   |  1- 3 |  4- 6 || total
-------------------------+-------+-------++-------
Melee: Whip              |   100 |    12 ||   112
       Club              |     4 |       ||     4
       Bite              |     3 |       ||     3
Evoke: Piece from Xom's  |     6 |       ||     6
 Stab: Sleeping          |     3 |       ||     3
Armor: Leather armour    |    20 |       ||    20
Dodge: Dodged            |    58 |    10 ||    68

Table legend: (Time is in decaauts)
 A = Elapsed time spent in this place.
 B = Non-inter-level travel time spent in this place.
 C = Inter-level travel time spent in this place.
 D = Time resting spent in this place.
 E = Time spent auto-exploring this place.
 F = Levels seen in this place.
 G = Mean time per level.
                   A        B        C        D        E       F      G
               +--------+--------+--------+--------+--------+-----+--------+
         Total |   2094 |   2032 |     62 |    305 |   1283 |   2 | 1047.0 |
       Dungeon |   2094 |   2032 |     62 |    305 |   1283 |   2 | 1047.0 |
               +--------+--------+--------+--------+--------+-----+--------+

Top non-repeatable levels by time:
     D:1: 1489 daAuts
     D:2: 604 daAuts
